 Dungeon Crawl Stone Soup version 0.31-a0-1338-gb567cfdca4 (webtiles) character file.

Game seed: 17397906952572142415

508 jasper the Grave Robber (level 6, -15/44 HPs)
             Began as a Mummy Necromancer on Dec 22, 2023.
             Was an Initiate of Gozag.
             Demolished by Menkaure (16 damage)
             ... on level 4 of the Dungeon.
             The game lasted 00:05:46 (3409 turns).

jasper the Grave Robber (Mummy Necromancer)         Turns: 3409, Time: 00:05:47

Health: -15/44     AC:  6    Str: 11    XL:     6   Next: 98%
Magic:  21/21      EV: 12    Int: 16    God:    Gozag
Gold:   560        SH:  0    Dex: 13    Spells: 9/13 levels left

rFire   . . .        n - +4 quarterstaff (chaos)
rCold   + . .        (shield currently unavailable)
rNeg    + + +        a - +0 robe
rPois   ∞            (no helmet)
rElec   .            o - +2 cloak
rCorr   .            p - +0 pair of gloves
SInv    .            (no boots)
Will    .....        (no amulet)
Stlth   ++           r - ring of the Komtur {Fire rN+ MP+9}
HPRegen 0.27/turn    k - ring of protection from cold
MPRegen 0.17/turn

%: faith
@: no status effects
A: cold resistance 1, negative energy resistance 3, torment resistance 2, heat
vulnerability 1, in touch with death 1, no potions, faith
a: Renounce Religion, Potion Petition, Call Merchant, Bribe Branch


You were on level 4 of the Dungeon.
You worshipped Gozag.
Gozag was pleased with you.
You visited 1 branch of the dungeon, and saw 4 of its levels.

You collected 665 gold pieces.
You spent 105 gold pieces at shops.

Inventory:

Hand Weapons
 b - a +0 mace
 m - a +1 hammer of protection
 n - a +4 quarterstaff of chaos (weapon)
Missiles
 c - 6 javelins
 f - 3 curare-tipped darts
Armour
 a - a +0 robe (worn)
 o - a +2 cloak (worn)
 p - a +0 pair of gloves (worn)
Jewellery
 d - a ring of see invisible
 i - a ring of protection from fire
 k - a ring of protection from cold (right hand)
 r - the ring of the Komtur (left hand) {Fire rN+ MP+9}
   (You took it off a hobgoblin on level 3 of the Dungeon)

   [ring of fire]

   Fire:      It enhances your fire magic.
   rF+:       It protects you from fire.
   rC-:       It makes you vulnerable to cold.
   rN+:       It protects you from negative energy.
   MP+9:      It affects your magic capacity (+9).
Wands
 h - a wand of digging (1)
 q - a wand of polymorph (10)
Scrolls
 e - 4 scrolls of fear
 g - 2 scrolls of blinking
 j - a scroll of amnesia
 l - a scroll of vulnerability
 s - 2 scrolls of teleportation {unknown}


   Skills:
 + Level 2.3 Fighting
 + Level 2.6 Dodging
 - Level 1.5 Stealth
 + Level 4.3 Spellcasting
 - Level 7.0 Necromancy


You had 9 spell levels left.
You knew the following spells:

 Your Spells              Type           Power      Damage    Failure   Level
a - Necrotise             Necr           100%       1d9       1%          1
b - Vampiric Draining     Necr           38%        2d8       2%          3

Your spell library contained the following spells:

 Spells                   Type           Power      Damage    Failure   Level
 Apportation              Tloc           6%         N/A       17%         1
 Sting                    Conj/Alch      12%        1d3       17%         1
 Summon Small Mammal      Summ           12%        N/A       17%         1
 Agony                    Necr           38%        N/A       26%         5
 Inner Flame              Hex/Fire       5%         N/A       45%         3
 Flame Wave               Conj/Fire      5%         2d5       86%         4
 Sticky Flame             Fire/Alch      5%         2d4       86%         4
 Vhi's Electric Charge    Tloc/Air       6%         N/A       86%         4
 Arcjolt                  Conj/Air       1%         1d11      99%         5
 Maxwell's Capacitive Co  Air            1%         ∞         100%        8
 Animate Dead             Necr           Unusable   N/A       N/A         4

Dungeon Overview and Level Annotations

Branches:
Dungeon (4/15)
 Temple: D:4-7

Altars:
Gozag
Yredelemnul

Shops:
D:1 ?

Annotations:
D:4 Menkaure


Innate Abilities, Weirdness & Mutations

You are immune to poison.
Your flesh is cold resistant. (rC+)
You are immune to negative energy. (rN+++)
You are immune to unholy pain and torment.
You are vulnerable to heat. (rF-)
You are in touch with the powers of death.
You do not drink.
You have a special connection with the divine. (Faith)


Message History

You now have 19/21 mp.
Found a stone staircase leading down.
MP restored: 21
Found 9 stones.
You now have 560 gold pieces (gained 8).
You see here a +0 dagger.
Found a stone staircase leading up.
s - 2 scrolls labelled QIEHAE NUSERO (gained 1) Menkaure, Prince of Dust comes into view.
Menkaure is nearby!
Okay, then.
You can't drink.
Unknown command.
Okay, then.
The helpless Menkaure fails to defend himself.
You sock Menkaure!
Menkaure shouts!
Menkaure seems to grow stronger.
Menkaure is heavily damaged.
Menkaure giggles, "These cerements are ticklish..."
Menkaure barely misses you.
You barely miss Menkaure.
Menkaure is heavily damaged.
Menkaure hits you!!
You take 21 damage, and have 23/44 hp.
MASSIVE DAMAGE!!
You hit Menkaure.
Menkaure appears confused.
Menkaure is heavily damaged.
Menkaure seems less confused.
Menkaure hits you!!
Ouch! That really hurt!
* * * LOW HITPOINT WARNING * * *
You take 22 damage, and have 1/44 hp.
MASSIVE DAMAGE!!
You barely miss Menkaure.
Menkaure is heavily damaged.
Menkaure mumbles some strange words.
Menkaure seems to speed up.
You sock Menkaure! You burn Menkaure.
Menkaure is almost destroyed.
Menkaure closely misses you. Menkaure hits you!
You die...
Your body crumbles into a pile of gold.

#. #.# # ####.#
#.###.#
..#.####.....#
#............###
##.##....(......
#......#>.....#
#@#....#....<#
#M#.#..#...### #.
#.#.#........# #.
#.###..#...#.####.
#.#......#)#......
#.#.######........
#...#.........###.
### #.######...###
#.#####.......


You could see Menkaure (fast, strong).

Vanquished Creatures
  Pargi (D:3)
  A kobold brigand (D:4)
  An orc priest (D:4)
  2 hounds (D:4)
  Crazy Yiuf (D:3)
  Jessica (D:3)
  Terence (D:2)
  2 iguanas
  Ijyb (D:3)
  An adder (D:2)
  A bombardier beetle (D:4)
  4 worms
  A dart slug (D:1)
  12 orcs
  6 bats
  7 endoplasms
  3 giant cockroaches
  A goblin (D:4)
  7 hobgoblins
  2 quokkas
  8 ball pythons
  4 kobolds
  3 rats
  A spectral hobgoblin (D:1)
72 creatures vanquished.

Notes
Turn   | Place    | Note
-------+----------+-------------------------------------------
     0 | D:1      | jasper the Mummy Necromancer began the quest for the Orb.
     0 | D:1      | Reached XP level 1. HP: 13/13 MP: 4/4
    93 | D:1      | Found a faded altar of an unknown god.
   107 | D:1      | Prayed at the altar of an unknown god.
   107 | D:1      | Became a worshipper of Gozag Ym Sagoz the Greedy
   194 | D:1      | Reached XP level 2. HP: 17/19 MP: 0/6
   562 | D:1      | Found Biexzaho's Magic Scroll Shop.
   566 | D:1      | Bought a scroll of blinking for 105 gold pieces
  1002 | D:2      | Found a basalt altar of Yredelemnul.
  1042 | D:2      | Reached XP level 3. HP: 24/24 MP: 2/7
  1046 | D:2      | Learned a level 3 spell: Vampiric Draining
  1126 | D:2      | Noticed Terence
  1144 | D:2      | Killed Terence
  1145 | D:2      | Reached skill level 5 in Necromancy
  1365 | D:2      | Reached XP level 4. HP: 5/30 MP: 1/8
  1802 | D:3      | Noticed Jessica
  1807 | D:3      | Killed Jessica
  1808 | D:3      | Reached skill level 6 in Necromancy
  1880 | D:3      | Found a runed translucent door.
  1881 | D:3      | Noticed Crazy Yiuf
  1887 | D:3      | Killed Crazy Yiuf
  1888 | D:3      | Reached XP level 5. HP: 35/35 MP: 5/9
  2090 | D:3      | Noticed Ijyb
  2098 | D:3      | Killed Ijyb
  2246 | D:3      | Identified the ring of the Komtur {Fire rN+ MP+9}
  2616 | D:3      | Noticed Pargi
  2624 | D:3      | Killed Pargi
  2625 | D:3      | Reached skill level 7 in Necromancy
  2625 | D:3      | Reached skill level 1 in Fighting
  2625 | D:3      | Reached XP level 6. HP: 36/43 MP: 11/11
  3403 | D:4      | Noticed Menkaure
  3407 | D:4      | HP: 1/44 [Menkaure (23)]
  3409 | D:4      | Demolished by Menkaure

Illustrated notes

Levels and vault maps discovered:
D:1:      minmay_arrival_radiant_lines, layout_basic,
          dreamdust_ecumenical_altar_drowned_temple, serial_shops,
          nicolae_shop_tiny_real_fake_doors, grunt_decor_clamped
D:2:      layout_rooms, basic_altar, uniq_terence
D:3:      layout_loops_ring, minmay_randomly_rotated_circles, uniq_ijyb,
          uniq_jessica, uniq_pargi, uniq_crazy_yiuf_cottage
D:4:      layout_basic, pf_just_have_faith, kennysheep_potato, uniq_menkaure

Skill      XL: |  1  2  3  4  5  6 |
---------------+-------------------+-----
Spellcasting   | 3 4 |  4.3
Necromancy     | 5 6 7 |  7.0
Fighting       | 1 2 |  2.3
Dodging        | 2 |  2.6
Stealth        | |  1.5

Action                     |  1- 3 |  4- 6 || total
---------------------------+-------+-------++-------
  Melee: Mace              |    17 |     2 ||    19
         Punch             |     2 |       ||     2
         Quarterstaff      |       |    24 ||    24
  Throw: Dart              |     3 |       ||     3
         Javelin           |     1 |       ||     1
   Cast: Necrotise         |    48 |    83 ||   131
         Vampiric Draining |     3 |     3 ||     6
    Use: Scroll            |     2 |     3 ||     5
   Stab: Sleeping          |     1 |     1 ||     2
 Armour: Robe              |    17 |    33 ||    50
  Dodge: Dodged            |    19 |    39 ||    58

Table legend: (Time is in decaauts)
 A = Elapsed time spent in this place.
 B = Non-inter-level travel time spent in this place.
 C = Inter-level travel time spent in this place.
 D = Time resting spent in this place.
 E = Time spent auto-exploring this place.
 F = Levels seen in this place.
 G = Mean time per level.
                   A        B        C        D        E       F      G
               +--------+--------+--------+--------+--------+-----+--------+
         Total |   3425 |   3345 |     80 |    140 |   2641 |   4 |  856.2 |
       Dungeon |   3425 |   3345 |     80 |    140 |   2641 |   4 |  856.2 |
               +--------+--------+--------+--------+--------+-----+--------+

Top non-repeatable levels by time:
     D:3: 1071 daAuts
     D:1: 979 daAuts
     D:2: 834 daAuts
     D:4: 540 daAuts
